 Dungeon Crawl Stone Soup version 0.31-a0-1370-gf52a5a9ab3 (webtiles) character file.

Game seed: 11281717763437369300

130 grandjackal the Slasher (level 4, -1/40 HPs)
             Began as a Draconian Gladiator on Dec 23, 2023.
             Slain by a gnoll
             ... wielding a +0 flail
              (2 damage)
             ... on level 2 of the Dungeon.
             The game lasted 00:01:29 (1350 turns).

grandjackal the Slasher (Draconian Gladiator)       Turns: 1350, Time: 00:01:30

Health: -1/40      AC:  6    Str: 24    XL:     4   Next: 89%
Magic:  4/4        EV: 13    Int: 11    God:
Gold:   48         SH:  5    Dex: 14    Spells: 3/3 levels left

rFire   . . .        p - +2 hand axe of Zavie {heavy, rC+ rCorr Str+2 Int+2}
rCold   + . .        (no shield)
rNeg    . . .        (body armour unavailable)
rPois   .            b - +0 hat
rElec   .            r - +0 cloak
rCorr   +            (no gloves)
SInv    .            (no boots)
Will    .....        m - amulet of reflection
Stlth   +            i - +6 ring of strength
HPRegen 0.26/turn    (no ring)
MPRegen 0.09/turn

%: reflection
@: no status effects
A: AC +5, unfitting armour, cold-blooded
a: no special abilities


You were on level 2 of the Dungeon.
You visited 1 branch of the dungeon, and saw 3 of its levels.

You collected 48 gold pieces.

Inventory:

Hand Weapons
 a - a +0 long sword
 p - the +2 hand axe of Zavie (weapon) {heavy, rC+ rCorr Str+2 Int+2}
   (You found it on level 2 of the Dungeon)

   Str+2:     It affects your strength (+2).
   Int+2:     It affects your intelligence (+2).
   rC+:       It protects you from cold.
   rCorr:     It protects you from acid and corrosion.
Missiles
 c - 4 throwing nets (quivered)
 d - a javelin
Armour
 b - a +0 hat (worn)
 r - a +0 cloak (worn)
Jewellery
 g - a ring of ice
 i - a +6 ring of strength (left hand)
 m - an amulet of reflection (around neck)
Scrolls
 f - a scroll of identify {unknown}
 j - 2 scrolls of revelation {unknown}
 o - 3 scrolls of teleportation {unknown}
 q - a scroll of poison {unknown}
Potions
 e - 2 potions of lignification {unknown}
 h - a potion of attraction {unknown}
 k - a potion of haste {unknown}
 l - a potion of invisibility {unknown}
 n - a potion of curing {unknown}


   Skills:
 + Level 3.6 Fighting
 + Level 4.0 Long Blades
 - Level 2.0 Throwing
 + Level 3.6 Dodging


You had 3 spell levels left.
You didn't know any spells.
Your spell library was empty.

Dungeon Overview and Level Annotations

Branches:
Dungeon (3/15)

Altars:
Uskayaw


Innate Abilities, Weirdness & Mutations

Your plain brown scales are hard. (AC +5)
You cannot fit into any form of body armour.
You are cold-blooded and may be slowed by cold attacks.


Message History

You kill the gnoll!
You hit the gnoll. You block the gnoll's attack. The gnoll barely misses you.
The gnoll closely misses you. The gnoll barely misses you.
You closely miss the gnoll.
The gnoll is severely wounded.
You slash the gnoll! The gnoll completely misses you.
You block the gnoll's attack. The gnoll barely misses you.
The gnoll closely misses you. The gnoll barely misses you.
The gnoll hits you with a +0 flail.
Unknown command.
You are too injured to fight recklessly!
You are too injured to fight recklessly!
You hit the gnoll.
You kill the gnoll!
You hit the gnoll. The gnoll barely misses you. You block the gnoll's attack.
The gnoll misses you. The gnoll hits you with a +0 flail!
* * * LOW HITPOINT WARNING * * *
Your Long Blades skill increases to level 4!
Unknown command.
A ball python comes into view.
There is a stone staircase leading up here.
The gnoll closely misses you. The gnoll hits you with a +0 flail.
* * * LOW HITPOINT WARNING * * *
The ball python bites you but does no damage.
The ball python barely misses you.
You climb upwards.
There is a stone staircase leading down here.
You completely miss the gnoll.
Your tail-slap misses the gnoll.
The gnoll is severely wounded.
You slash the ball python!
You kill the ball python!
The gnoll misses you. The gnoll hits you with a +0 flail.
* * * LOW HITPOINT WARNING * * *
Unknown command.
You barely miss the gnoll.
The gnoll is severely wounded.
The gnoll hits you with a +0 flail.
* * * LOW HITPOINT WARNING * * *
The gnoll hits you with a +0 flail.
You die...

### #..# #.# #.## #.######..# #.#
####.## ..........# ####.#######
#...... ..#######.#
#....>.....####.##.## ### #.#
#.##............##.#
##.###.########.#######.#
##.#.##.# #.# #.##
##.###.#.########.#######...
######.## ##....@†...........####
#.....#.###.#.#g##..##.##.......#
#.....##.#.##.#.....##.##.#####^#
..............#.....##.##.# #.#
#.....#########.._........# #..
#.....# #.....#...#.# #.# #######
#...........#####..
##...##.###.......# ##.....#
####.####


You could see a gnoll.

Vanquished Creatures
  Crazy Yiuf (D:2)
  Terence (D:2)
  Robin (D:2)
  2 gnolls (D:3)
  An adder (D:2)
  A ball python (D:2)
  4 bats
  An endoplasm (D:1)
  2 giant cockroaches (D:1)
  5 goblins (D:2)
  6 hobgoblins
  2 jackals (D:1)
  6 kobolds
  2 quokkas (D:2)
  A rat (D:1)
36 creatures vanquished.

Notes
Turn   | Place    | Note
-------+----------+-------------------------------------------
     0 | D:1      | grandjackal the Draconian Gladiator began the quest for the
                  | Orb.
     0 | D:1      | Reached XP level 1. HP: 17/17 MP: 1/1
   180 | D:1      | Reached XP level 2. HP: 18/25 MP: 2/2
   642 | D:2      | Found a hide-covered altar of Uskayaw.
   674 | D:2      | Noticed Terence
   687 | D:2      | Killed Terence
   688 | D:2      | Reached XP level 3. HP: 14/31 MP: 3/3
   899 | D:2      | Identified the +2 hand axe of Zavie {heavy, rC+ rCorr Str+2
                  | Int+2}
   951 | D:2      | Found a runed translucent door.
   952 | D:2      | Noticed Crazy Yiuf
  1048 | D:2      | Noticed Robin
  1053 | D:2      | Killed Robin
  1054 | D:2      | Reached XP level 4. HP: 37/38 MP: 4/4
  1210 | D:2      | Killed Crazy Yiuf
  1346 | D:3      | Reached skill level 4 in Long Blades
  1350 | D:2      | HP: 1/40 [gnoll/+0 flail (6)]
  1350 | D:2      | Slain by a gnoll

Illustrated notes

Levels and vault maps discovered:
D:1:      tarquinn_simple_flora_water_e, layout_rooms, minmay_pentomino_u2
D:2:      layout_loops_ring, basic_altar, uniq_terence, uniq_robin,
          uniq_crazy_yiuf_cottage
D:3:      layout_loops_cross

Skill      XL: |  1  2  3  4 |
---------------+-------------+-----
Throwing       | 2 |  2.0
Dodging        | 3 |  3.6
Fighting       | 3 |  3.6
Long Blades    | 4 |  4.0

Action                     |  1- 3 |  4- 6 || total
---------------------------+-------+-------++-------
  Melee: Long sword        |    85 |       ||    85
         Tailslap          |     9 |     3 ||    12
         Hand axe          |     7 |    18 ||    25
   Stab: Sleeping          |     1 |     1 ||     2
 Armour: Skin              |    49 |    18 ||    67
  Dodge: Dodged            |    59 |    19 ||    78
  Block: Other             |     9 |     5 ||    14

Table legend: (Time is in decaauts)
 A = Elapsed time spent in this place.
 B = Non-inter-level travel time spent in this place.
 C = Inter-level travel time spent in this place.
 D = Time resting spent in this place.
 E = Time spent auto-exploring this place.
 F = Levels seen in this place.
 G = Mean time per level.
                   A        B        C        D        E       F      G
               +--------+--------+--------+--------+--------+-----+--------+
         Total |   1392 |   1307 |     85 |    174 |    845 |   3 |  464.0 |
       Dungeon |   1392 |   1307 |     85 |    174 |    845 |   3 |  464.0 |
               +--------+--------+--------+--------+--------+-----+--------+

Top non-repeatable levels by time:
     D:2: 890 daAuts
     D:1: 488 daAuts
     D:3: 13 daAuts
